 Dungeon Crawl Stone Soup version 0.17.1-3-g152610e (webtiles) character file.

279 nCrazed the Ducker (level 6, -2/48 HPs)
             Began as a Demonspawn Abyssal Knight on Mar 2, 2016.
             Was a Believer of Lugonu.
             Killed by a spatial distortion (3 damage)
             ... on level 3 of the Dungeon.
             The game lasted 00:19:28 (2539 turns).

nCrazed the Ducker (Demonspawn Abyssal Knight)      Turns: 2539, Time: 00:19:29

Health: -2/48      AC: 11    Str: 10 (12) XL:     6   Next: 5%
Magic:  8/8        EV:  7    Int: 14      God:    Lugonu [**....]
Gold:   101        SH:  0    Dex: 14      Spells: 0 memorised, 5 levels left

rFire  + . .     SeeInvis .     p - +1 dagger (drain)
rCold  . . .     Clarity  .     u - +0 chain mail
rNeg   . . .     SustAt   .     (no shield)
rPois  .         Gourm    .     (helmet restricted)
rElec  .         Spirit   .     h - +1 cloak
rCorr  .         Warding  .     (no gloves)
rMut   .         Stasis   .     (no boots)
MR     .....                    (no amulet)
Stlth  ..........               (no ring)
                                f - ring of protection from fire

@: drained, not resistant to hostile enchantments, extremely unstealthy
A: horns 2, repulsion field 1, powered by death 1
a: Depart the Abyss, Bend Space, Renounce Religion


You were on level 3 of the Dungeon.
You worshipped Lugonu.
Lugonu was pleased with you.
You were not hungry.

You visited 1 branch of the dungeon, and saw 4 of its levels.
You visited the Abyss 1 time.

You collected 101 gold pieces.

Inventory:

Hand Weapons
 a - a +1 mace
 c - a +0 scythe
 p - a +1 dagger of draining (weapon)
 t - a +2 vampiric dagger
 w - a +1 dagger of holy wrath
Missiles
 j - 135 stones (quivered)
Armour
 h - a +1 cloak (worn)
 i - a +1 robe of positive energy
 u - a +0 chain mail (worn)
Jewellery
 f - a ring of protection from fire (left hand)
Scrolls
 d - a scroll of amnesia
 l - 3 scrolls of remove curse
 v - a scroll of teleportation
Potions
 k - a potion of curing
Comestibles
 b - a bread ration
 m - 11 chunks of flesh
 o - a meat ration


   Skills:
 + Level 3.8(3.4) Fighting
 + Level 0.1(0.0) Short Blades
 - Level 2.0(1.7) Maces & Flails
 + Level 3.0(2.7) Armour
 + Level 3.9(3.6) Dodging
 + Level 0.6(0.2) Stealth
 + Level 2.9(2.6) Invocations


You had 5 spell levels left.
You didn't know any spells.

Dungeon Overview and Level Annotations

Branches:
Dungeon (4/15)
 Temple: D:4-7

Altars:


Innate Abilities, Weirdness & Mutations

You have a pair of horns on your head.
You are surrounded by a mild repulsion field (EV +2).
You regenerate a little health from kills.


Message History

Something smites you! The orc priest hits you. The orc hits you.
Found a fuming cyan potion.
You closely miss the orc priest.
The orc priest casts a cantrip, but nothing happens.
The orc hits you.
You hit the orc priest but do no damage.
The orc wizard casts a spell.
The orc wizard blinks!
The orc priest barely misses you. The orc hits you.
You barely miss the orc priest.
You feel less regenerative. The orc priest closely misses you.
The orc hits you but does no damage.
You barely miss the orc priest.
The orc priest miscasts a cantrip.
The orc priest calls down the wrath of Beogh upon you.
Something smites you!
* * * LOW HITPOINT WARNING * * *
The orc closely misses you.
You aren't in the Abyss!
Space bends around you!
You blink.
You die... ##.## #.# #.# #)..## #.# #.# #...! ..# #.## .oo

##.# #... #o# #..#
#.## ##ยง## #..#
#.##
#o..###..#######.##
#..).##..........##
#.@..##.##########
#.####.##.######
................#
##.####.##.####.#
#.##.# ##.##
#.##.###...#####
#.#......)......
#.#..###...####.
#.#..) ##%## #.


You could see 2 orc priests, an orc wizard and an orc.

Vanquished Creatures
  Sigmund (D:2)
  Ijyb (D:2)
  4 adders
  A worm (D:3)
  2 orcs (D:3)
  10 bats
  7 hobgoblins
  5 jackals
  3 giant cockroaches
  2 giant geckos (D:2)
  3 giant newts
  9 goblins
  6 kobolds
  5 rats
59 creatures vanquished.

Notes
Turn   | Place    | Note
--------------------------------------------------------------
     0 | Abyss:1  | nCrazed the Demonspawn Abyssal Knight began the quest for the Orb.
     0 | Abyss:1  | Reached XP level 1. HP: 18/18 MP: 2/2
    51 | Abyss:2  | Noticed a ynoxinul
    51 | D:1      | Escaped the Abyss
   114 | D:1      | Reached skill level 1 in Dodging
   158 | D:1      | Gained mutation: You have a pair of small horns on your head. [demonic ancestry]
   158 | D:1      | Reached XP level 2. HP: 5/24 MP: 4/4
   406 | D:1      | Reached * piety under Lugonu
   709 | D:2      | Noticed Ijyb
   729 | D:2      | Killed Ijyb
   729 | D:2      | Gained mutation: You regenerate a little health from kills. [demonic ancestry]
   729 | D:2      | Reached XP level 3. HP: 13/29 MP: 5/5
  1460 | D:2      | Noticed Sigmund
  1496 | D:2      | Killed Sigmund
  1496 | D:2      | Reached XP level 4. HP: 9/37 MP: 6/6
  1496 | D:2      | Gained mutation: You are surrounded by a mild repulsion field (EV +2). [demonic ancestry]
  1496 | D:2      | Reached XP level 5. HP: 10/42 MP: 7/7
  1664 | D:2      | Reached ** piety under Lugonu
  2483 | D:3      | Gained mutation: You have a pair of horns on your head. [demonic ancestry]
  2483 | D:3      | Reached XP level 6. HP: 36/48 MP: 8/8
  2538 | D:3      | HP: 1/48 [orc priest/divine providence (17)]
  2539 | D:3      | Killed by a spatial distortion

Action                   |  1- 3 |  4- 6 || total
-------------------------+-------+-------++-------
Melee: Mace              |    91 |       ||    91
       Dagger            |    45 |   108 ||   153
Throw: Stone             |     2 |       ||     2
Invok: Depart the Abyss  |     1 |       ||     1
  Use: Scroll            |     6 |     3 ||     9
       Potion            |     1 |     7 ||     8
  Eat: Chunk             |     2 |       ||     2
       Bread ration      |       |     1 ||     1
       Beef jerky        |       |     1 ||     1
